 Dungeon Crawl Stone Soup version 0.25-a0-598-gc9c9e4cfe1 (webtiles) character file.

Game seed: 6909309920799033713, levelgen mode: deterministic

912 Inarius the Ruffian (level 7, -1/60 HPs)
             Began as a Troll Fighter on Mar 15, 2020.
             Was a Follower of Hepliaklqana.
             Slain by a +4 quarterstaff of electrocution (11 damage)
             ... created by the rancor of the Wu Jian Council
             ... on level 3 of the Dungeon.
             The game lasted 00:11:27 (4093 turns).

Inarius the Ruffian (Troll Fighter)                 Turns: 4093, Time: 00:11:28

Health: -1/60      AC:  7    Str: 25 (27) XL:     7   Next: 82%
Magic:  7/7        EV:  7    Int:  3 (4)  God:    Hepliaklqana [*.....]
Gold:   258        SH: 15    Dex: 12 (14) Spells: 6/6 levels left

rFire    . . .     SeeInvis .     - Unarmed
rCold    . . .     Gourm    +   A - +0 tower shield
rNeg     . . .     Faith    .   r - +0 animal skin
rPois    +         Spirit   .   (helmet restricted)
rElec    .         Reflect  .   u - +0 cloak {rPois}
rCorr    .         Harm     .   (gloves unavailable)
MR       .....                  (boots unavailable)
Stlth    +.........             (no amulet)
HPRegen  0.60/turn              e - +5 ring of dexterity
MPRegen  0.10/turn              (no ring)

@: no status effects
A: large, unfitting armour, reduced essence, claws 3, fast metabolism 3,
gourmand, regeneration 1, shaggy fur 1, tough skin 3
a: Recall Ancestor, Ancestor Identity, Renounce Religion


You were on level 3 of the Dungeon.
You worshipped Hepliaklqana.
Hepliaklqana was aware of your devotion.
You were very full.

You visited 1 branch of the dungeon, and saw 5 of its levels.

You collected 377 gold pieces.
You spent 119 gold pieces at shops.

Inventory:

Hand Weapons
 n - a +3 quarterstaff of chaos
Armour
 b - a +0 kite shield
 r - a +0 animal skin (worn)
 u - a +0 cloak of poison resistance (worn)
 A - a +0 tower shield (worn)
Jewellery
 e - a +5 ring of dexterity (left claw)
Wands
 l - a wand of enslavement (9)
Scrolls
 a - a scroll of random uselessness {unknown}
 g - 2 scrolls of fear {unknown}
 k - 3 scrolls of amnesia {unknown}
 m - 4 scrolls of identify {unknown}
 p - 2 scrolls of blinking {unknown}
 s - a scroll of enchant weapon {unknown}
 t - 2 scrolls of remove curse
 v - a scroll of teleportation
 x - a scroll of magic mapping {unknown}
Potions
 c - a potion of ambrosia
 f - a potion of brilliance
 i - a potion of stabbing
 j - a potion of experience {unknown}
 o - a potion of heal wounds {unknown}
 q - a potion of cancellation {unknown}
 w - a potion of degeneration
Comestibles
 d - 7 rations


   Skills:
 + Level 3.1 Fighting
 + Level 3.9 Dodging
 - Level 0.1 Stealth
 + Level 3.7 Shields
 * Level 6.5 Unarmed Combat
 * Level 1.9 Evocations


You had 6 spell levels left.
You didn't know any spells.
Your spell library was empty.

Dungeon Overview and Level Annotations

Branches:
Dungeon (5/15)             Temple (0/1) D:4

Altars:
Cheibriados
Fedhas
Hepliaklqana
Wu Jian
Yredelemnul
Zin

Shops:
D:2 *   D:4 *

Annotations:
D:5 Prince Ribbit


Innate Abilities, Weirdness & Mutations

You are too large for most types of armour.
You have claws for hands.
Your metabolism is lightning-fast.
You like to eat raw meat.
Your natural rate of healing is unusually fast.
You are covered in fur. (AC +1)
You have extremely tough skin. (AC +3)
Your life essence is reduced to manifest your ancestor. (-10% HP)


Message History

The +1 vorpal rapier hits you.
* * * LOW HITPOINT WARNING * * *
x2 Unknown command.
Your shield prevents you from hitting the +1 vorpal rapier.
The +1 vorpal rapier is severely damaged.
The +4 quarterstaff of electrocution hits Shedsu-nefertum.
Lightning courses through Shedsu-nefertum!
Shedsu-nefertum hits the +4 quarterstaff of electrocution.
You block the +1 vorpal rapier's attack.
Unknown command.
You claw the +1 vorpal rapier!
You destroy the +1 vorpal rapier!
That felt strangely unrewarding.
Shedsu-nefertum barely misses the +4 quarterstaff of electrocution.
The +4 quarterstaff of electrocution hits Shedsu-nefertum.
Lightning courses through Shedsu-nefertum!
Shedsu-nefertum is destroyed!
The +4 quarterstaff of electrocution hits you but does no damage.
You are electrocuted!
You die...

####≈..≈≈≈≈≈≈≈≈≈≈≈≈≈≈≈≈≈≈≈≈≈≈≈#.#
#≈≈≈≈..≈≈≈≈≈≈≈≈≈≈.)##≈≈≈≈≈≈≈≈≈≈..
≈≈≈≈≈..≈≈≈≈≈≈#.....#####≈≈≈≈≈≈≈≈.
≈≈≈≈≈..≈≈≈####.#..## ###≈≈≈≈≈≈.
≈≈≈≈≈..≈.......#.## ###≈≈≈≈.
≈≈≈#8..8..######.# #(..##.
####8..8.........# #...##. #
#......######### ### #...##.
#...........(@># #<# #......
##..#.########.# #.# #......
#...#..# #.# #.# #...... #..#...#
#)#####.# ##+#.)( #......#
#.#.....# #.#.))
####.##.#.#######.#R##..####....)
..(..<#.#.#..........#..#....#..#
#####.#.#.#.#####.##.#.......#...
###.#.#.#.#.#...........#.####..#


You could see a +4 quarterstaff of electrocution.

Vanquished Creatures
  28 dancing weapons
  2 ice beasts (D:5)
  2 phantoms (D:5)
  2 howler monkeys (D:3)
  An orc priest (D:4)
  3 hounds
  An iguana (D:4)
  A howler monkey zombie (D:2)
  Robin (D:3)
  6 gnolls
  5 adders
  An ooze (D:1)
  6 worms
  6 leopard geckos
  3 orcs (D:4)
  3 ball pythons
  A bat skeleton (D:2)
  5 giant cockroaches
  10 goblins
  7 hobgoblins
  12 jackals
  4 bats
  5 frilled lizards
  2 giant cockroach zombies (D:2)
  8 kobolds
  2 leopard gecko skeletons
  A leopard gecko zombie (D:2)
  4 rats
132 creatures vanquished.

Vanquished Creatures (collateral kills)
  A dancing weapon (D:3)
  An orc priest (D:4)
  Crazy Yiuf (D:3)
  A gnoll (D:5)
  A goblin (D:3)
  A jackal (D:5)
  A kobold (D:3)
7 creatures vanquished.

Vanquished Creatures (others)
  7 ancestors
7 creatures vanquished.

Grand Total: 146 creatures vanquished

Notes
Turn   | Place    | Note
-------+----------+-------------------------------------------
     0 | D:1      | Inarius the Troll Fighter began the quest for the Orb.
     0 | D:1      | Reached XP level 1. HP: 22/22 MP: 0/0
   114 | D:1      | Reached XP level 2. HP: 26/29 MP: 1/1
   363 | D:2      | Found Zin's Purification Station.
   363 | D:2      | Found a glowing silver altar of Zin.
   396 | D:2      | Reached XP level 3. HP: 28/36 MP: 2/2
   562 | D:2      | Reached skill level 3 in Unarmed Combat
   564 | D:2      | Reached XP level 4. HP: 41/44 MP: 3/3
   711 | D:2      | Found a faded altar of an unknown god.
   865 | D:3      | Found a snail-covered altar of Cheibriados.
   877 | D:3      | Found a hazy altar of Hepliaklqana.
   885 | D:3      | Found a basalt altar of Yredelemnul.
  1136 | D:2      | Became a worshipper of the Wu Jian Council
  1136 | D:2      | Reached * piety under Wu Jian
  1137 | D:2      | Fell from the grace of Wu Jian
  1224 | D:3      | Became a worshipper of Hepliaklqana the Forgotten
  1395 | D:3      | Noticed Robin
  1438 | D:3      | Reached XP level 5. HP: 45/45 MP: 4/4
  1442 | D:3      | Killed Robin
  1627 | D:3      | Noticed a +1 great sword of electrocution
  1627 | D:3      | Noticed a +2 glaive of freezing
  1627 | D:3      | Noticed a +0 broad axe of electrocution
  1627 | D:3      | Noticed a +3 quarterstaff of speed
  1627 | D:3      | Noticed a +3 quarterstaff of freezing
  1720 | D:3      | Reached skill level 4 in Unarmed Combat
  1778 | D:3      | Found a runed translucent door.
  1779 | D:3      | Noticed Crazy Yiuf
  1946 | D:3      | Noticed a +4 quarterstaff of freezing
  1946 | D:3      | Noticed a +4 vorpal glaive
  1946 | D:3      | Noticed a +2 great sword of flaming
  1946 | D:3      | Noticed a +0 broad axe of electrocution
  1957 | D:3      | Killed a +0 broad axe of electrocution
  2018 | D:3      | Killed a +3 quarterstaff of freezing
  2100 | D:4      | Noticed a +4 dire flail of flaming
  2100 | D:4      | Noticed a +2 broad axe of flaming
  2100 | D:4      | Noticed a +1 dire flail of freezing
  2100 | D:4      | Noticed a +1 dire flail of electrocution
  2100 | D:4      | Noticed a +0 glaive of speed
  2126 | D:4      | Noticed a +2 broad axe of speed
  2126 | D:4      | Noticed a +0 broad axe of freezing
  2126 | D:4      | Noticed a +2 rapier of electrocution
  2170 | D:3      | Killed a +4 quarterstaff of freezing
  2208 | D:3      | Killed a +3 quarterstaff of speed
  2228 | D:4      | Noticed a +4 rapier of electrocution
  2228 | D:4      | Noticed a +2 dire flail of speed
  2228 | D:4      | Noticed a +1 vorpal great sword
  2228 | D:4      | Noticed a +0 dire flail of electrocution
  2228 | D:4      | Noticed a +1 broad axe of speed
  2239 | D:2      | Killed a +4 rapier of electrocution
  2285 | D:3      | Killed a +2 dire flail of speed
  2290 | D:2      | Killed a +1 broad axe of speed
  2301 | D:3      | Killed a +2 great sword of flaming
  2309 | D:3      | Killed a +4 vorpal glaive
  2325 | D:3      | Killed a +2 broad axe of speed
  2330 | D:3      | Killed a +2 rapier of electrocution
  2336 | D:4      | Killed a +0 broad axe of freezing
  2411 | D:3      | Killed a +4 dire flail of flaming
  2462 | D:3      | Reached XP level 6. HP: 43/53 MP: 5/5
  2483 | D:3      | Killed a +1 dire flail of freezing
  2501 | D:3      | Killed a +1 dire flail of electrocution
  2506 | D:3      | Killed a +2 broad axe of flaming
  2522 | D:4      | Killed a +0 glaive of speed
  2599 | D:4      | Killed a +1 vorpal great sword
  2650 | D:4      | Reached * piety under Hepliaklqana
  2664 | D:4      | Found a staircase to the Ecumenical Temple.
  2727 | D:4      | Found a blossoming altar of Fedhas.
  2746 | D:4      | Killed a +0 dire flail of electrocution
  2764 | D:4      | Found Oduc's General Store.
  2768 | D:4      | Bought a +0 cloak of poison resistance for 119 gold pieces
  2804 | D:4      | Reached skill level 5 in Unarmed Combat
  2993 | D:5      | Entered Level 5 of the Dungeon
  3091 | D:5      | Noticed a +1 vorpal broad axe
  3091 | D:5      | Noticed a +3 rapier of freezing
  3091 | D:5      | Noticed a +3 rapier of electrocution
  3103 | D:5      | Killed a +3 rapier of freezing
  3107 | D:5      | Killed a +3 rapier of electrocution
  3110 | D:5      | Killed a +1 vorpal broad axe
  3115 | D:5      | Reached skill level 1 in Evocations
  3115 | D:5      | Reached XP level 7. HP: 39/60 MP: 6/6
  3140 | D:5      | Reached skill level 6 in Unarmed Combat
  3476 | D:5      | Noticed Prince Ribbit
  3641 | D:3      | Killed a +1 great sword of electrocution
  3666 | D:3      | Killed a +2 glaive of freezing
  3693 | D:3      | Killed a +0 broad axe of electrocution
  3731 | D:3      | Noticed a +2 quarterstaff of flaming
  3731 | D:3      | Noticed a +0 quarterstaff of flaming
  3731 | D:3      | Noticed a +1 broad axe of electrocution
  3736 | D:3      | Killed a +1 broad axe of electrocution
  3741 | D:3      | HP: 2/60 [+2 quarterstaff of flaming[the rancor of the Wu
                  | Jian Council] (4)]
  3754 | D:3      | Killed a +0 quarterstaff of flaming
  3762 | D:3      | Killed a +2 quarterstaff of flaming
  3933 | D:3      | Killed Crazy Yiuf
  4069 | D:4      | Noticed a +4 quarterstaff of electrocution
  4069 | D:4      | Noticed a +2 vorpal glaive
  4069 | D:4      | Noticed a +0 vorpal glaive
  4069 | D:4      | Noticed a +1 vorpal rapier
  4092 | D:3      | Killed a +1 vorpal rapier
  4093 | D:3      | Slain by a +4 quarterstaff of electrocution

Levels and vault maps discovered:
D:1:      dpeg_arrival_line_fractal, layout_basic
D:2:      layout_rooms, zin_purify, serial_undead, serial_undead_b,
          serial_undead_b, serial_undead_c, serial_undead_f,
          chequers_ecumenical_altar_simple, st_stairs_1
D:3:      wander_river, layout_basic,
          chequers_temple_overflow_statue_of_worship, first_ration,
          uniq_crazy_yiuf_cottage, uniq_robin
D:4:      layout_rooms, marbit_many_paths, minmay_temple_entry_stoned_glass,
          serial_shops, shop, grunt_ministairs_9
D:5:      layout_basic, serial_park_tiny_pond, minmay_strange_pillars,
          chequers_mini_garden, minmay_manual_monolith, uniq_prince_ribbit1

Skill      XL: |  1  2  3  4  5  6  7 |
---------------+----------------------+-----
Unarmed Combat | 3 4 5 6 |  6.5
Dodging        | 3 |  3.9
Shields        | 3 |  3.7
Fighting       | 3 |  3.1
Evocations     | 1 |  1.9
Stealth        | |  0.1

Action                   |  1- 3 |  4- 6 |  7- 9 || total
-------------------------+-------+-------+-------++-------
Melee: Unarmed           |   110 |   203 |    80 ||   393
Invok: Renounce Religion |       |     1 |       ||     1
       Recall Ancestor   |       |     1 |       ||     1
  Use: Potion            |       |     3 |     7 ||    10
       Scroll            |       |     4 |     1 ||     5
 Stab: Sleeping          |     2 |     2 |       ||     4
  Eat: Chunk             |    11 |    24 |     8 ||    43
Armor: Robe              |    19 |    24 |       ||    43
       Animal skin       |       |    33 |    14 ||    47
Dodge: Dodged            |    35 |    70 |    30 ||   135
Block: Kite shield       |    48 |    85 |    25 ||   158
       Tower shield      |       |       |    19 ||    19

Table legend:
 A = Non-vault XP
 B = Vault XP
 C = Vault XP percentage of total XP
 D = Non-vault monster count
 E = Vault monster count
 F = Vault count percentage of total count
                 A         B        C        D         E       F
            +---------+---------+-------+---------+---------+-------
      Total |    1123 |     180 |  13.8 |      84 |      26 |  23.6
            +---------+---------+-------+---------+---------+-------
        D:1 |      38 |       0 |   0.0 |      21 |       0 |   0.0
        D:2 |      39 |      30 |  43.5 |      10 |       9 |  47.4
        D:3 |     192 |     132 |  40.7 |      23 |      14 |  37.8
        D:4 |     168 |       1 |   0.6 |      12 |       1 |   7.7
        D:5 |     686 |      17 |   2.4 |      18 |       2 |  10.0
            +---------+---------+-------+---------+---------+-------
